Map: Heavy Artillery LE

Players

Massa

  • Race: Terran Terran
  • League: Gold
  • Spawn Location: 1:00

qqq

  • Race: Protoss Protoss
  • Spawn Location: 3:00

MegadetH - Winner!

  • Race: Zerg Zerg
  • League: Platinum
  • Spawn Location: 7:00

AnNiHiLaToR - Winner!

  • Race: Terran Terran
  • League: Diamond
  • Spawn Location: 7:00

VOD

Have the link to the VOD?

Description

Time

  • Played on: July 18, 2020, 10:40 a.m.
  • Length: 15:36
Show
View Real Time Build Order
Export as new Build Order

Massa Terran 

Build Orders:  

Get SALT Encoding   

  12  0:03  SCV  
  13  0:18  SCV, Supply Depot  
  14  0:30  SCV  
  15  0:41  Barracks  
  15  0:43  SCV  
  15  0:49  Refinery  
  16  0:55  SCV  
  17  1:09  SCV  
  18  1:21  SCV  
  19  1:33  SCV  
  20  1:45  Barracks  
  20  1:47  Orbital Command  
  21  2:20  Reaper  
  20  2:40  Barracks Tech Lab  
  20  2:41  Command Center  
  20  2:45  Factory  
  20  3:00  Marauder  
  23  3:20  SCV  
  23  3:40  SCV  
  23  3:46  Factory Tech Lab  
  23  3:49  Supply Depot  
  23  3:52  Marine  
  23  3:53  SCV, Marauder  
  23  3:55  Concussive Shells  
  27  4:02  Supply Depot x2  
  27  4:05  SCV  
  27  4:06  Refinery  
  27  4:09  SCV  
  29  4:10  Marine  
  29  4:12  Supply Depot  
  29  4:15  Engineering Bay  
  30  4:17  SCV  
  30  4:21  Orbital Command  
  31  4:25  Supply Depot  
  31  4:26  Siege Tank  
  31  4:27  Marauder  
  31  4:28  Marine  
  31  4:29  SCV, Supply Depot  
  38  4:41  SCV  
  39  4:50  Supply Depot  
  39  4:54  SCV  
  39  4:55  SCV  
  39  4:57  Refinery  
  41  5:00  Barracks  
  41  5:04  Missile Turret  
  41  5:06  SCV  
  43  5:07  SCV  
  43  5:13  Missile Turret  
  43  5:16  Starport  
  43  5:19  SCV x2  
  45  5:24  Missile Turret  
  47  5:28  Marauder, Marine  
  47  5:31  SCV  
  47  5:34  Missile Turret  
  49  5:41  Stimpack  
  49  5:45  Supply Depot  
  49  5:46  Missile Turret  
  51  5:50  Marauder  
  51  6:06  Medivac  
  51  6:09  Barracks Tech Lab  
  51  6:11  Marauder  
  55  6:13  Barracks Tech Lab  
  55  6:19  SCV x2  
  57  6:31  SCV x2  
  57  6:32  Marauder  
  61  6:46  Marauder x2  
  65  6:48  Sensor Tower  
  65  6:54  SCV x2, Marauder  
  68  6:56  Refinery  
  69  7:06  SCV x2  
  69  7:07  Marauder  
  69  7:08  Marauder  
  75  7:13  Combat Shield  
  75  7:15  Marauder  
  77  7:18  SCV x2  
  77  7:20  Siege Tank  
  82  7:27  Command Center  
  82  7:29  Marauder  
  83  7:30  SCV x2  
  85  7:48  SCV x2  
  85  7:50  Terran Infantry Weapons Level 1  
  87  7:58  Supply Depot  
  87  7:59  Missile Turret  
  87  8:00  SCV x2  
  89  8:07  Medivac  
  89  8:12  SCV  
  92  8:13  SCV  
  92  8:17  Siege Tank  
  96  8:24  SCV  
  96  8:25  SCV  
  98  8:36  SCV  
  98  8:37  SCV, Medivac  
  102  8:48  SCV  
  102  8:49  SCV  
  104  8:56  Armory  
  104  8:59  Engineering Bay  
  104  9:00  SCV  
  104  9:01  SCV  
  106  9:07  Marauder x3, Medivac  
  114  9:11  Siege Tank  
  114  9:13  SCV  
  118  9:29  Marauder x3  
  124  9:37  Orbital Command  
  124  9:44  SCV  
  124  9:45  Terran Infantry Armor Level 1  
  125  9:48  Refinery  
  125  9:50  Refinery  
  125  9:51  Command Center  
  125  9:55  Supply Depot  
  125  9:57  Supply Depot x3  
  125  10:02  Terran Infantry Weapons Level 2, Supply Depot  
  125  10:04  Supply Depot  
  125  10:05  Supply Depot x3, Terran Vehicle Weapons Level 1  
  125  10:17  Marauder, Thor, Supply Depot  
  125  10:18  SCV x2  
  125  10:19  Marauder x2  
  125  10:20  Supply Depot  
  139  10:25  Supply Depot  
  139  10:28  Supply Depot  
  139  10:29  Supply Depot  
  139  10:30  SCV x2  
  139  10:35  Liberator  
  144  10:38  SCV  
  144  10:39  Marauder  
  144  10:40  Marauder x2, Supply Depot  
  151  10:43  SCV x2  
  151  10:49  Armory  
  153  11:00  Marauder  
  153  11:01  Marauder x2  
  153  11:03  Supply Depot  
  159  11:06  Planetary Fortress, Missile Turret  
  159  11:11  SCV x3  
  162  11:21  Marauder  
  162  11:23  SCV, Marauder x2  
  169  11:27  Missile Turret, Supply Depot  
  169  11:29  Thor  
  175  11:47  Missile Turret  
  175  11:51  Supply Depot  
  175  11:53  Factory  
  175  11:55  Barracks  
  175  11:56  Barracks  
  175  11:58  Barracks  
  79  12:23  Widow Mine  
  79  12:24  Marauder  
  79  12:25  Marauder x2  
  83  12:44  Thor  
  83  12:46  Marauder x3  
  83  12:48  Barracks  
  83  12:49  Barracks  
  83  12:50  Barracks  
  95  12:52  Barracks  
  95  12:53  Barracks  
  95  12:54  Barracks  
  95  12:56  Terran Infantry Armor Level 2  
  95  12:59  Terran Infantry Weapons Level 3  
  95  13:07  Marauder  
  95  13:08  Marauder x2  
  99  13:23  Command Center  
  89  13:29  Marauder x3  
  89  13:32  Thor  
  93  13:37  Factory  
  89  14:07  Marauder x3  
  95  14:15  Thor  
  101  14:20  Factory  
  101  14:23  Factory Tech Lab, Barracks  
  101  14:28  Marauder x3  
  107  14:50  Marauder x3  
  98  15:11  Marauder x2  
  88  15:27  Factory Tech Lab  
Show
View Real Time Build Order
Export as new Build Order

qqq Protoss 

Build Orders:  

Get SALT Encoding   

  12  0:02  Probe  
  13  0:14  Probe  
  14  0:21  Pylon  
  14  0:33  Pylon  
  14  0:35  Probe  
  15  0:47  Probe  
  16  0:53  Gateway  
  16  0:57  Pylon  
  16  1:06  Probe  
  16  1:10  Assimilator  
  17  1:22  Forge  
  17  1:24  Probe  
  17  1:25  Assimilator  
  18  1:36  Probe  
  18  1:39  Pylon  
  19  1:48  Probe  
  20  2:00  Probe  
  21  2:03  Photon Cannon  
  21  2:12  Probe  
  22  2:16  Photon Cannon  
  22  2:24  Probe  
  22  2:25  Photon Cannon  
  22  2:37  Cybernetics Core  
  22  2:50  Photon Cannon  
  22  3:09  Nexus  
  22  3:20  Probe  
  23  3:30  Stargate  
  23  3:32  Probe  
  24  3:34  Stargate  
  24  3:44  Probe  
  25  4:10  Nexus  
  25  4:18  Robotics Facility  
  25  4:20  Probe  
  26  4:29  Phoenix  
  28  4:32  Probe  
  28  4:33  Probe  
  30  4:42  Phoenix  
  32  4:45  Probe  
  33  4:55  Phoenix  
  33  4:58  Probe  
  36  5:06  Observer  
  37  5:08  Phoenix  
  37  5:11  Probe  
  40  5:15  Protoss Air Weapons Level 1  
  40  5:23  Probe  
  41  5:31  Probe  
  42  5:35  Probe  
  42  5:36  Phoenix  
  42  5:37  Phoenix  
  47  5:43  Probe  
  47  5:48  Probe  
  49  5:53  Zealot  
  51  6:01  Phoenix  
  53  6:05  Phoenix  
  55  6:16  Probe x2  
  57  6:21  Assimilator  
  57  6:23  Assimilator  
  57  6:26  Observer  
  57  6:28  Probe x2  
  59  6:40  Probe  
  59  6:41  Probe  
  61  6:52  Probe  
  61  6:53  Probe  
  63  6:55  Phoenix x2  
  67  7:05  Probe x2  
  69  7:16  Photon Cannon  
  69  7:17  Pylon  
  69  7:20  Pylon  
  69  7:22  Pylon  
  69  7:25  Pylon  
  69  7:26  Photon Cannon  
  69  7:35  Probe x2, Void Ray, Assimilator  
  75  7:39  Assimilator  
  75  7:47  Probe x2  
  77  8:00  Probe x2  
  77  8:03  Void Ray  
  83  8:11  Fleet Beacon  
  83  8:12  Probe x2  
  84  8:19  Pylon  
  84  8:20  Void Ray  
  84  8:24  Probe x2, Pylon  
  90  8:30  Pylon  
  90  8:33  Stargate  
  90  8:36  Probe  
  91  8:46  Void Ray  
  91  8:48  Probe  
  96  8:53  Protoss Air Armor Level 1  
  95  9:00  Probe, Photon Cannon  
  95  9:01  Photon Cannon  
  96  9:03  Photon Cannon x2  
  96  9:05  Photon Cannon  
  96  9:08  Photon Cannon  
  96  9:10  Pylon  
  96  9:12  Probe  
  91  9:39  Void Ray x2  
  91  9:45  Probe  
  100  9:49  Void Ray  
  100  9:52  Pylon  
  104  9:55  Pylon  
  104  9:57  Probe  
  105  10:07  Pylon, Flux Vanes  
  105  10:08  Pylon  
  105  10:09  Probe  
  105  10:10  Nexus  
  106  10:20  Stargate  
  106  10:21  Probe  
  106  10:22  Void Ray x2  
  115  10:32  Void Ray  
  115  10:33  Probe  
  120  10:36  Photon Cannon  
  120  10:38  Photon Cannon  
  120  10:41  Photon Cannon  
  120  10:43  Shield Battery  
  120  10:45  Photon Cannon  
  120  11:04  Anion Pulse-Crystals, Void Ray, Protoss Air Weapons Level 2  
  120  11:05  Void Ray  
  120  11:06  Void Ray  
  132  11:12  Observer  
  132  11:14  Void Ray  
  137  11:47  Probe, Void Ray x2  
  137  11:49  Void Ray  
  137  11:50  Assimilator  
  150  11:54  Assimilator  
  150  11:55  Carrier  
  150  11:58  Photon Cannon  
  150  11:59  Probe  
  155  12:11  Probe  
  134  12:23  Probe  
  134  12:24  Carrier x2  
  134  12:35  Probe, Carrier  
  135  12:48  Probe  
  141  13:00  Probe  
  123  13:12  Probe  
  123  13:13  Tempest  
  124  13:24  Probe  
  125  13:27  Phoenix, Void Ray  
  131  13:37  Probe  
  131  13:39  Carrier  
  134  13:52  Tempest  
  139  13:56  Tempest  
  140  14:12  Tempest  
  108  14:54  Phoenix  
  108  14:55  Pylon  
  108  14:57  Pylon  
  108  15:02  Phoenix, Pylon  
  108  15:05  Pylon  
  107  15:08  Pylon  
  107  15:12  Pylon  
  101  15:15  Pylon  
Show
View Real Time Build Order
Export as new Build Order

MegadetH Zerg - Winner!

Build Orders: Hatch First, Brood Lord Corruptor 

Get SALT Encoding   

  12  0:03  Drone  
  13  0:14  Overlord  
  13  0:24  Drone  
  14  0:33  Drone  
  14  0:34  Drone  
  16  0:38  Drone  
  17  0:53  Hatchery  
  16  0:58  Drone  
  16  0:59  Drone  
  18  1:13  Extractor  
  18  1:15  Spawning Pool  
  16  1:26  Drone x2  
  19  1:32  Drone  
  19  2:02  Queen  
  19  2:04  Drone, Overlord  
  19  2:07  Zergling x4  
  24  2:24  Roach Warren  
  23  2:47  Drone x6  
  23  2:50  Lair  
  29  3:06  Drone  
  29  3:07  Drone  
  29  3:11  Hatchery  
  30  3:21  Drone  
  30  3:22  Drone x5  
  36  3:37  Metabolic Boost  
  36  3:43  Overlord x2  
  36  4:00  Queen x2  
  36  4:02  Hydralisk Den  
  39  4:03  Drone x6  
  46  4:24  Extractor x2  
  45  4:26  Drone  
  45  4:27  Drone x3  
  45  4:28  Overlord x2  
  45  4:30  Drone  
  49  4:31  Spire  
  48  4:42  Drone  
  49  4:53  Drone x8  
  49  4:59  Drone  
  58  5:09  Drone  
  58  5:11  Spore Crawler  
  58  5:17  Spore Crawler  
  57  5:34  Drone x2  
  57  5:35  Drone, Overlord x2  
  60  5:39  Extractor, Drone  
  60  5:40  Drone  
  60  5:41  Drone x2  
  63  5:47  Drone x7, Spore Crawler  
  69  5:50  Extractor, Drone  
  69  5:51  Drone x3  
  69  5:52  Extractor, Overlord  
  71  6:00  Drone x3  
  71  6:02  Drone  
  73  6:12  Zerg Flyer Weapons Level 1  
  73  6:20  Drone  
  73  6:24  Corruptor x8  
  90  6:31  Spore Crawler  
  89  6:32  Spore Crawler  
  89  6:35  Spore Crawler  
  89  6:36  Spore Crawler  
  89  6:38  Hatchery  
  85  6:45  Drone  
  85  6:46  Drone  
  87  6:47  Overlord x2  
  87  7:13  Drone  
  87  7:14  Infestation Pit  
  87  7:17  Mutalisk  
  87  7:18  Mutalisk x6  
  87  7:22  Overlord x6  
  101  7:24  Drone x3  
  101  7:27  Extractor  
  103  7:32  Drone x2  
  103  7:33  Overlord  
  103  7:36  Overseer x2  
  105  7:37  Pneumatized Carapace  
  105  7:45  Drone x3  
  105  7:47  Drone  
  105  7:50  Drone x3  
  112  7:53  Extractor  
  112  7:54  Queen  
  112  7:57  Mutalisk  
  112  7:58  Mutalisk x3  
  121  8:14  Zerg Flyer Weapons Level 2  
  121  8:20  Hive  
  121  8:38  Hatchery  
  120  8:46  Corruptor  
  120  8:47  Corruptor x5  
  132  9:04  Drone x2  
  120  9:55  Viper x5  
  120  9:57  Corruptor  
  120  9:58  Corruptor x3  
  143  10:03  Extractor, Queen  
  143  10:05  Drone x3  
  143  10:06  Extractor, Drone x3  
  149  10:08  Drone  
  150  10:17  Overlord x9  
  150  10:49  Greater Spire  
  150  11:04  Corruptor x4  
  150  11:05  Corruptor x11  
  180  11:13  Overseer x2  
  180  11:34  Extractor, Hatchery  
  180  11:38  Extractor  
  180  11:39  Mutalisk x8  
  173  12:48  Mutalisk x3  
  173  12:49  Mutalisk x10  
  187  13:28  Brood Lord x6  
  159  14:19  Corruptor x5  
  159  14:20  Corruptor x7  
  164  14:44  Overlord, Corruptor  
  164  14:45  Corruptor x6  
  150  15:14  Roach x4  
  150  15:15  Roach x4  
Show
View Real Time Build Order
Export as new Build Order

AnNiHiLaToR Terran - Winner!

Build Orders: Reaper Expand, Mech 

Get SALT Encoding   

  12  0:01  SCV  
  13  0:13  SCV  
  14  0:24  Supply Depot  
  14  0:25  SCV  
  15  0:40  Refinery  
  15  0:46  SCV  
  15  0:47  Barracks  
  16  0:58  SCV  
  17  1:30  SCV  
  17  1:43  Reaper  
  17  1:46  Orbital Command, Supply Depot  
  18  1:57  Command Center  
  18  2:17  Bunker  
  18  2:43  SCV  
  20  2:58  SCV  
  20  3:10  SCV  
  21  3:17  Marine  
  22  3:21  SCV  
  22  3:22  SCV  
  22  3:23  Factory  
  24  3:45  SCV x2  
  26  3:48  Refinery  
  26  3:52  Factory  
  26  3:57  SCV  
  26  3:58  SCV  
  28  4:07  Factory Tech Lab  
  28  4:09  Factory  
  29  4:10  SCV x2  
  30  4:22  SCV  
  30  4:32  Siege Tank  
  30  4:33  SCV  
  30  4:34  SCV  
  35  4:45  SCV  
  36  4:46  SCV  
  36  4:47  Factory Reactor, Command Center  
  37  4:56  Armory  
  37  4:57  Factory Tech Lab, SCV  
  37  4:58  SCV  
  39  5:09  SCV  
  39  5:10  SCV  
  39  5:13  Siege Tank  
  44  5:22  SCV  
  44  5:23  SCV  
  46  5:31  Supply Depot  
  46  5:33  Supply Depot  
  46  5:38  Supply Depot  
  46  5:42  Engineering Bay, Supply Depot  
  46  5:52  SCV x2, Siege Tank  
  51  6:04  SCV x2  
  53  6:11  Supply Depot  
  53  6:18  Refinery, SCV x2  
  55  6:19  Refinery  
  58  6:30  SCV  
  55  6:49  Thor x2  
  55  6:50  Hellion  
  55  6:51  SCV x3, Hellion  
  71  7:03  SCV  
  70  7:14  Orbital Command  
  71  7:15  SCV  
  71  7:20  Infernal Pre-Igniter  
  70  7:27  Orbital Command, SCV  
  71  7:32  Hellion  
  71  7:33  Hellion  
  75  7:37  Factory  
  75  7:38  Terran Vehicle Weapons Level 1  
  75  7:39  SCV, Factory  
  76  7:49  Siege Tank  
  79  7:52  Siege Tank  
  82  7:59  SCV x3  
  82  8:03  Refinery x2  
  85  8:11  SCV x3  
  88  8:18  Hellion, Armory  
  88  8:19  Hellion  
  92  8:21  Siege Tank  
  92  8:22  Factory Tech Lab  
  92  8:23  SCV x2, Factory Reactor  
  92  8:24  SCV  
  98  8:35  SCV  
  98  8:36  SCV x2  
  101  8:43  Supply Depot x2  
  101  8:44  Supply Depot  
  101  8:46  Supply Depot  
  101  8:55  Supply Depot  
  101  8:58  SCV x2  
  101  8:59  Hellion x2, Supply Depot  
  107  9:04  Thor  
  107  9:05  Siege Tank  
  107  9:09  Thor  
  122  9:10  Hellion  
  122  9:11  SCV, Hellion  
  127  9:36  Thor  
  133  9:40  Terran Vehicle Weapons Level 2, Terran Vehicle And Ship Armor Level 1  
  133  9:46  SCV x3, Command Center  
  133  9:48  Thor  
  133  9:49  Hellion x2  
  146  9:53  Hellion x6  
  146  9:58  SCV x2  
  148  10:02  Thor  
  148  10:03  Hellion  
  156  10:07  Supply Depot  
  156  10:09  Hellion  
  156  10:10  Supply Depot  
  156  10:11  Supply Depot  
  156  10:14  Hellion  
  152  10:33  Siege Tank x2  
  158  10:51  Thor x6  
  158  10:52  Thor, Siege Tank  
  158  10:54  Command Center  
  158  10:56  Factory  
  161  10:58  Hellion x2, Factory  
  165  11:06  Siege Tank x2  
  167  11:28  Smart Servos  
  165  11:36  Siege Tank  
  165  11:38  Hellion x2  
  172  11:48  Terran Vehicle And Ship Armor Level 2  
  168  12:13  Siege Tank x2  
  168  12:14  Thor  
  161  12:45  Thor  
  161  12:46  Siege Tank  
  161  12:48  Widow Mine x2  
  170  13:11  Hellion  
  172  13:21  Hellion x2  
  172  13:24  Factory Reactor  
  172  13:25  SCV x3, Factory Tech Lab  
  172  13:26  Orbital Command  
  179  13:28  Orbital Command  
  179  13:33  Hellion x2, Thor x2  
  198  13:34  Siege Tank  
  198  13:37  SCV x2  
Tags
 
Add a new tag
Caveats
  • Supply blocks, unpowered buildings, or Contaminate may cause inaccurate times.
  • Supply counts are checked every 10 seconds.